 Dungeon Sprint DCSS version 0.30-a0-1114-gd936c97349 (webtiles) character file.

Game seed: 9773698906514326173

260539 123456 the Conqueror (level 17, -18/191 HPs)
             Began as a Minotaur Fighter on Apr 20, 2023.
             Was an Initiate of Gozag.
             Demolished by an acid blob (28 damage)
             ... in the Dungeon (Sprint IX: "|||||||||||||||||||||||||||||").
             The game lasted 00:27:50 (7632 turns).

123456 the Conqueror (Minotaur Fighter)             Turns: 7632, Time: 00:27:50

Health: -18/191    AC: 16    Str: 28    XL:     17   Next: 3%
Magic:  16/16      EV: 24    Int:  5    God:    Gozag
Gold:   1985       SH:  0    Dex: 17    Spells: 16/16 levels left

rFire   + + .      SeeInvis +    K - +3 great mace
rCold   + . .      Faith    .    (shield currently unavailable)
rNeg    . . .      Spirit   .    N - +9 gold dragon scales
rPois   +          Reflect  .    o - +2 hat
rElec   +          Rampage  .    a - +2 cloak
rCorr   +          NoTele   +    M - +2 pair of gloves
Will    ++...                    J - +2 pair of boots Stlth
                                 n - amulet of Vitality {RegenMP++ Regen++}
HPRegen 2.11/turn                u - +6 ring of strength
MPRegen 0.95/turn                L - +4 ring of evasion

@: resistant, corroded, invisible
A: horns 2, retaliatory headbutt, see invisible, deformed body, strong-willed 1,
cold vulnerability 1
}: 6/17 runes: decaying, serpentine, barnacled, elven, silver, gossamer
a: Renounce Religion, Potion Petition, Call Merchant, Bribe Branch


You were in the Dungeon.
You worshipped Gozag.
Gozag was most pleased with you.
You visited 1 branch You collected 37750 gold pieces.
You spent 5788 gold pieces at shops.
You paid 29977 gold pieces to Gozag.

Inventory:

Hand Weapons
 K - a +3 great mace (weapon)
Missiles
 p - 10 javelins (quivered)
 B - 4 throwing nets
Armour
 a - a +2 cloak (worn)
 o - a +2 hat (worn)
 J - a +2 pair of boots (worn)
 M - a +2 pair of gloves (worn)
 N - +9 gold dragon scales (worn)
 T - the +18 shield of the Gong {Loud rN+ Will+ rCorr EV-5}
   (You bought it in a shop in the Dungeon)

   Loud:      It is deafeningly noisy when blocking attacks.
   EV:        It affects your evasion (-5).
   rN:        It protects you from negative energy.
   rCorr:     It protects you from acid and corrosion.
   Will:      It increases your willpower.
Jewellery
 c - a ring of wizardry
 n - the amulet of Vitality (around neck) {RegenMP++ Regen++}
   (You bought it in a shop in the Dungeon)

   [amulet of magic regeneration]

   It increases your rate of magic regeneration.
   Regen:     It increases your rate of health regeneration.
 q - a +3 ring of strength
 r - a +3 ring of dexterity
 u - a +6 ring of strength (left hand)
 x - a ring of protection from fire
 y - the ring "Jyosmath" {rPois rC+ rN++ SInv}
   (You found it in the Dungeon)

   [ring of poison resistance]

   rC:        It protects you from cold.
   rPois:     It protects you from poison.
   rN:        It greatly protects you from negative energy.
   SInv:      It lets you see invisible.
 D - a ring of wizardry
 F - a ring of willpower
 G - a ring of ice
 H - a ring of ice
 I - a ring of poison resistance
 L - a +4 ring of evasion (right hand)
 O - the amulet of Awoeck {Faith Fly rElec}
   (You found it in the Dungeon)

   [amulet of faith]

   It allows you to gain divine favour quickly.
   rElec:     It insulates you from electricity.
   Fly:       It grants you flight.
 P - an amulet of magic regeneration
 Q - the ring "Eluatuck" {rPois rF+}
   (You found it in the Dungeon)

   [ring of protection from fire]

   rF:        It protects you from fire.
   rPois:     It protects you from poison.
 R - the amulet "Gur Put" {RegenMP -Tele +Inv Regen+ SInv}
   (You found it in the Dungeon)

   [amulet of magic regeneration]

   It increases your rate of magic regeneration.
   SInv:      It lets you see invisible.
   +Inv:      It lets you turn invisible.
   -Tele:     It prevents most forms of teleportation.
   Regen:     It increases your rate of health regeneration.
 S - the amulet "Qehywk" {Rampage rC+ Will- Regen+}
   (You found it in the Dungeon)

   [amulet of regeneration]

   rC:        It protects you from cold.
   Regen:     It increases your rate of health regeneration.
   Rampage:   It bestows one free step when moving towards enemies.
   Will:      It decreases your willpower.
Wands
 m - a wand of iceblast (9)
 z - a wand of flame (8)
Scrolls
 j - 10 scrolls of blinking
 l - 2 scrolls of amnesia
 t - a scroll of magic mapping
 v - 4 scrolls of identify
 w - 4 scrolls of fog
 E - 2 scrolls of fear
Potions
 b - 2 potions of resistance
 d - 2 potions of might
 e - 9 potions of curing
 g - 13 potions of haste
 h - 9 potions of magic
 i - 2 potions of berserk rage
 k - a potion of invisibility
 s - 2 potions of brilliance
 A - 2 potions of flight {unknown}
 C - a potion of attraction {unknown}


   Skills:
 O Level 27 Fighting
 O Level 27 Maces & Flails
 * Level 18.7 Throwing
 O Level 27 Armour
 O Level 27 Dodging
 + Level 20.1 Stealth
 + Level 3.6 Shields
 + Level 9.5 Evocations


You had 16 spell levels left.
You didn't know any spells.
Your spell library contained the following spells:

 Spells                   Type           Power      Damage    Failure   Level
 Confusing Touch          Hex            0%         N/A       100%        3
 Cause Fear               Hex            0%         N/A       100%        4
 Freezing Cloud           Conj/Ice/Air   0%         6-21      100%        5


Dungeon Overview and Level Annotations

Branches:
Dungeon (1/1)

Altars:
Cheibriados
Dithmenos
Elyvilon
Fedhas
Gozag
Hepliaklqana
Kikubaaqudgha
Makhleb
Nemelex Xobeh
Okawaru
Qazlal
Ru
Sif Muna
Trog
Uskayaw
Vehumet
Wu Jian
Xom
Yredelemnul
Zin
The Shining One
Jiyva
Lugonu

Shops:
D (*=(([(*(=(?

Annotations:
D Boris, Louise, Sonja


Innate Abilities, Weirdness & Mutations

You have a pair of horns on your head.
You reflexively headbutt those who attack you in melee.
You have supernaturally acute eyesight. (SInv)
Armour fits poorly on your strangely shaped body.
You are strong-willed. (Will+)
You are vulnerable to cold. (rC-)


Message History

* * * LOW HITPOINT WARNING * * *
The acid blob spits acid at you. The splash of acid misses you.
The splash of acid hits the Orb Guardian!
The acid corrodes the Orb Guardian!
You feel better. The Orb Guardian hits you!
* * * LOW HITPOINT WARNING * * *
The acid blob hits you!
* * * LOW HITPOINT WARNING * * *
You are splashed with acid!
* * * LOW HITPOINT WARNING * * *
The Orb Guardian hits you.
* * * LOW HITPOINT WARNING * * *
[a] - 644 gold - resistance, might, haste and brilliance [b] - 651 gold - resistance, invisibility, heal wounds and magic [c] - 360 gold - invisibility and might Purchase which effect?
You no longer have enough gold to fund merchants seeking to open stores in the dungeon.
You feel protected.
You fade into invisibility!
You feel much better. Magic courses through your body.
The acid blob misses you. The Orb Guardian barely misses you.
You hit the acid blob.
Your hands burn!
* * * LOW HITPOINT WARNING * * *
The acid blob is heavily wounded.
The acid blob hits you but does no damage.
The Orb Guardian misses you.
You beat the acid blob like a drum!!!
Your hands burn!
* * * LOW HITPOINT WARNING * * *
The acid blob is almost dead.
The acid blob completely misses you. The Orb Guardian hits you!!
* * * LOW HITPOINT WARNING * * *
You hit the acid blob but do no damage.
Your hands burn!
* * * LOW HITPOINT WARNING * * *
You headbutt the acid blob, but do no damage.
The acid blob is almost dead.
The Orb Guardian hits you!
* * * LOW HITPOINT WARNING * * *
The acid blob hits you!!
You die...
Your body crumbles into a pile of gold.

▓▓▓▓▓▓▓▓▓▓▓▓▓▓▓▓♣♣♣♣
▓.X@JJ.).)).)....[.)
▓.▓▓▓▓▓▓▓▓▓▓▓▓▓▓♣♣♣♣
▓...................
▓▓▓▓▓▓▓▓▓▓▓▓▓▓▓▓▓▓▓▓
▓.........').)......
▓.▓▓▓▓▓▓▓▓▓▓▓▓▓▓▓▓▓▓
▓...................
▓▓▓▓▓▓▓▓▓▓▓▓▓▓▓▓▓▓▓▓
▓...'Q.[VCCC..().).)


You could see 2 acid blobs and a neutral Orb Guardian (wandering, corroded).

Vanquished Creatures
  An ancient lich (D)
  4 orbs of fire (D)
  Sojobo (D)
  A curse toe (D)
  Nikola (D)
  3 golden dragons (D)
  2 bone dragons (D)
  An electric golem (D)
  2 tentacled monstrosities (D)
  2 quicksilver dragons (D)
  2 Orb Guardians (D)
  A lich (D)
  3 deep elf blademasters (D)
  3 deep elf master archers (D)
  3 death cobs (D)
  6 shadow dragons (D)
  Ilsuiw (D)
  2 tengu reavers (D)
  4 storm dragons (D)
  2 rockslimes (D)
  A nagaraja (D)
  A deep elf sorcerer (D)
  9 emperor scorpions (D)
  A draconian knight (D)
  3 ghost moths (D)
  A frost giant (D)
  A draconian shifter (D)
  3 vault wardens (D)
  A draconian annihilator (D)
  3 stone giants (D)
  2 very ugly things (D)
  A broodmother (D)
  2 dire elephants (D)
  A red draconian (D)
  2 vampire knights (D)
  A deep elf annihilator (D)
  3 white draconians (D)
  2 purple draconians (D)
  A yellow draconian (D)
  A mummy priest (D)
  A spark wasp (D)
  An ettin (D)
  A deep elf death mage (D)
  3 merfolk impalers (D)
  3 merfolk javelineers (D)
  An entropy weaver (D)
  A fire dragon (D)
  Josephine (D)
  25 vault guards (D)
  Harold (D)
  An ice dragon (D)
  2 ghost crabs (D)
  8 hydras (D)
  A radroach (D)
  A centaur warrior (D)
  3 ironbound frosthearts (D)
  2 merfolk aquamancers (D)
  2 orc high priests (D)
  4 shock serpents (D)
  A skyshark (shapeshifter) (D)
  A skyshark (D)
  An orb spider (D)
  4 swamp dragons (D)
  A lindwurm (D)
  2 orc knights (D)
  2 phantasmal warriors (D)
  2 ironbound convokers (D)
  A will-o-the-wisp (D)
  A manticore (D)
  A cyclops (D)
  7 elephants (D)
  6 black mambas (D)
  A vault sentinel (D)
  2 moths of wrath (D)
  Joseph (D)
  2 demonic crawlers (D)
  A cane toad (D)
  An unseen horror (D)
  A rime drake (D)
  A komodo dragon (D)
  An efreet (D)
  A polar bear (D)
  A tarantella (D)
  A jumping spider (D)
  A culicivora (D)
  A shadow (D)
  2 slime creatures (D)
  5 wraiths (D)
  6 spriggans (D)
  A wyvern (D)
  4 hogs (D)
  Eustachio (D)
  A steam dragon (D)
  2 basilisks (D)
  A vampire mosquito (D)
  A redback (D)
  A naga (D)
  6 water moccasins (D)
  5 orc warriors (D)
  2 swamp drakes (D)
  2 ice beasts (D)
  A phantom (D)
  2 bullfrogs (D)
  A scorpion (D)
  A howler monkey (D)
  6 orc priests (D)
  A jelly (D)
  2 orc wizards (D)
  5 orcs (D)
  A ball python (D)
  An endoplasm (D)
  A goblin (D)
  A hobgoblin (D)
  A rat (D)
257 creatures vanquished.

Vanquished Creatures (collateral kills)
  A curse toe (D)
  12 Orb Guardians (D)
  2 deep elf blademasters (D)
  A lich (D)
  An acid blob (D)
  A sphinx (D)
  2 storm dragons (D)
  A fire giant (D)
  4 nagarajas (D)
  A vault warden (D)
  An ironbound preserver (D)
  An orc warlord (D)
  3 stone giants (D)
  3 vampire knights (D)
  A green draconian (D)
  A deep elf annihilator (D)
  A black draconian (D)
  A purple draconian (D)
  A red draconian (D)
  A deep elf demonologist (D)
  A fire dragon (D)
  An entropy weaver (D)
  2 deep elf high priests (D)
  A yaktaur captain (D)
  Erolcha (D)
  2 orc high priests (D)
  A glowing orange brain (D)
  A harpy (D)
  An ironbound convoker (D)
  An ugly thing (D)
  2 moths of wrath (D)
  A vault sentinel (D)
  A slime creature (D)
  5 spriggans (D)
  An orc warrior (D)
62 creatures vanquished.

Vanquished Creatures (others)
  4 ancient liches (D)
  Jory (D)
  A tentacled monstrosity (D)
  A lich (D)
  A quicksilver dragon (D)
  10 Orb Guardians (D)
  A tengu reaver (D)
  A draconian monk (D)
  3 nagarajas (D)
  Donald (D)
  Kirke (D)
  3 frost giants (D)
  2 draconian scorchers (D)
  A draconian shifter (D)
  A draconian annihilator (D)
  3 stone giants (D)
  A green draconian (D)
  An eleionoma (D)
  4 vampire knights (D)
  3 purple draconians (D)
  2 yellow draconians (D)
  4 white draconians (D)
  A spark wasp (D)
  Snorg (D)
  2 merfolk javelineers (D)
  A merfolk impaler (D)
  2 ettins (D)
  2 yaktaur captains (D)
  An ice dragon (D)
  A rakshasa (D)
  An ironbound frostheart (D)
  A spriggan air mage (D)
  2 merfolk aquamancers (D)
  An alligator snapping turtle (D)
  A tengu warrior (D)
  3 orc high priests (D)
  3 deep troll earth magi (D)
  A goliath frog (D)
  3 flayed ghosts (D)
  A sea snake (D)
  2 spriggan druids (D)
  A glowing orange brain (D)
  5 orc knights (D)
  A harpy (D)
  An orc sorcerer (D)
  3 cyclopes (D)
  5 moths of wrath (D)
  A guardian serpent (D)
  A naga mage (D)
  A vault sentinel (D)
  A water nymph (D)
  A freezing wraith (D)
  A wind drake (D)
  A merfolk (D)
  A jumping spider (D)
  A slime creature (D)
  A hog (D)
  A naga (D)
  2 orc warriors (D)
  3 orcs (D)
  A bat simulacrum (D)
  2 foxfires (D)
115 creatures vanquished.

Grand Total: 434 creatures vanquished

Notes
Turn   | Place    | Note
-------+----------+-------------------------------------------
     0 | D        | 123456 the Minotaur Fighter began the quest for the Orb.
     0 | D        | Reached XP level 1. HP: 19/19 MP: 0/0
    17 | D        | Reached skill level 1 in Dodging
    28 | D        | Noticed a jelly
    28 | D        | Noticed a phantom
    28 | D        | Noticed an ice beast
    28 | D        | Noticed an ice beast
    28 | D        | Noticed a scorpion
    30 | D        | Killed a jelly
    31 | D        | Reached skill level 5 in Fighting
    31 | D        | Reached XP level 2. HP: 27/30 MP: 1/1
    31 | D        | Reached XP level 3. HP: 33/37 MP: 2/2
    40 | D        | Killed a phantom
    41 | D        | Reached skill level 5 in Armour
    41 | D        | Reached XP level 4. HP: 46/47 MP: 3/3
    49 | D        | Killed an ice beast
    50 | D        | Reached XP level 5. HP: 27/56 MP: 4/4
    55 | D        | Killed an ice beast
    56 | D        | Reached skill level 5 in Dodging
    56 | D        | Reached XP level 6. HP: 33/64 MP: 5/5
    58 | D        | Reached skill level 10 in Fighting
   194 | D        | Found a snail-covered altar of Cheibriados.
   194 | D        | Found a shadowy altar of Dithmenos.
   194 | D        | Found a white marble altar of Elyvilon.
   194 | D        | Found a blossoming altar of Fedhas.
   194 | D        | Found an opulent altar of Gozag.
   195 | D        | Found a hazy altar of Hepliaklqana.
   196 | D        | Found a viscous altar of Jiyva.
   197 | D        | Found an ancient bone altar of Kikubaaqudgha.
   198 | D        | Found a corrupted altar of Lugonu.
   199 | D        | Found a burning altar of Makhleb.
   200 | D        | Found a sparkling altar of Nemelex Xobeh.
   203 | D        | Found an iron altar of Okawaru.
   204 | D        | Found a stormy altar of Qazlal.
   206 | D        | Became a worshipper of Gozag Ym Sagoz the Greedy
   210 | D        | Found a sacrificial altar of Ru.
   211 | D        | Found a shimmering blue altar of Sif Muna.
   212 | D        | Found a bloodstained altar of Trog.
   213 | D        | Found a hide-covered altar of Uskayaw.
   214 | D        | Found a radiant altar of Vehumet.
   215 | D        | Found an ornate altar of the Wu Jian Council.
   216 | D        | Found a shimmering altar of Xom.
   223 | D        | Found a basalt altar of Yredelemnul.
   224 | D        | Found a glowing silver altar of Zin.
   225 | D        | Found a glowing golden altar of the Shining One.
   278 | D        | Noticed an orc warrior
   278 | D        | Noticed a shadow
   278 | D        | Noticed a steam dragon
   283 | D        | Killed an orc warrior
   284 | D        | Reached skill level 10 in Maces & Flails
   285 | D        | Killed a shadow
   286 | D        | Reached XP level 7. HP: 43/74 MP: 6/6
   292 | D        | Killed a steam dragon
   392 | D        | Noticed a slime creature
   392 | D        | Noticed a centaur warrior
   392 | D        | Noticed an efreet
   392 | D        | Noticed a vampire mosquito
   396 | D        | Killed a slime creature
   402 | D        | Killed a centaur warrior
   403 | D        | Reached skill level 10 in Armour
   403 | D        | Reached XP level 8. HP: 74/88 MP: 7/7
   406 | D        | Killed an efreet
   408 | D        | Killed an unseen horror
   416 | D        | Reached XP level 9. HP: 85/96 MP: 8/8
   556 | D        | Noticed a black mamba
   556 | D        | Noticed a rime drake
   563 | D        | Killed a black mamba
   564 | D        | Reached skill level 15 in Fighting
   564 | D        | Noticed a cane toad
   569 | D        | Killed a rime drake
   570 | D        | Reached skill level 15 in Maces & Flails
   578 | D        | Reached skill level 10 in Dodging
   588 | D        | Killed a cane toad
   656 | D        | Noticed a skyshark
   656 | D        | Noticed a komodo dragon
   656 | D        | Noticed a polar bear
   660 | D        | Noticed a six-headed hydra
   662 | D        | Killed a skyshark
   663 | D        | Reached XP level 10. HP: 84/108 MP: 9/9
   672 | D        | Noticed a black mamba
   685 | D        | Killed a six-headed hydra
   707 | D        | Killed a black mamba
  1004 | D        | Noticed an elephant
  1004 | D        | Noticed a dire elephant
  1004 | D        | Noticed an elephant
  1004 | D        | Noticed an elephant
  1004 | D        | Noticed an elephant
  1004 | D        | Noticed an elephant
  1005 | D        | Noticed an elephant
  1018 | D        | Killed a dire elephant
  1024 | D        | Killed an elephant
  1028 | D        | Killed an elephant
  1039 | D        | Killed an elephant
  1048 | D        | Killed an elephant
  1049 | D        | Reached XP level 11. HP: 25/121 MP: 10/10
  1342 | D        | Noticed Joseph
  1347 | D        | Noticed Eustachio
  1350 | D        | Killed Joseph
  1357 | D        | Killed Eustachio
  1372 | D        | Noticed Harold
  1382 | D        | Killed Harold
  1594 | D        | Noticed an orc sorcerer
  1597 | D        | Noticed an orc high priest
  1613 | D        | Noticed an orc high priest
  1624 | D        | Killed an orc high priest
  1661 | D        | Bought a faintly glowing morningstar for 306 gold pieces
  1661 | D        | Identified the +9 morningstar of Oklonk {spect, rElec} (You
                  | bought it in a shop in the Dungeon)
  1669 | D        | Bought the +4 scale mail "Cyoschad" {rF+ Dex+4} for 649
                  | gold pieces
  1781 | D        | Found Womoali's General Store.
  1781 | D        | Noticed an orc high priest
  1781 | D        | Noticed an orc high priest
  1781 | D        | Noticed an orc high priest
  1781 | D        | Noticed an orc knight
  1781 | D        | Noticed an orc high priest
  1788 | D        | Killed an orc high priest
  1789 | D        | Noticed an orc knight
  1789 | D        | Killed an orc high priest
  1790 | D        | Found Ceask's Antique Weapon Shoppe.
  1790 | D        | Noticed an orc knight
  1792 | D        | Found Ocaene's Jewellery Emporium.
  1792 | D        | Noticed an orc high priest
  1793 | D        | Killed an orc high priest
  1794 | D        | Found Biptyumu's Magic Scroll Shoppe.
  1794 | D        | Noticed an orc knight
  1798 | D        | Killed an orc knight
  1798 | D        | Killed an orc high priest
  1804 | D        | Killed an orc knight
  1807 | D        | Killed an orc knight
  1820 | D        | Noticed an orc knight
  1821 | D        | Noticed an orc high priest
  1823 | D        | Killed an orc high priest
  1824 | D        | Reached skill level 15 in Armour
  1824 | D        | Noticed an orc knight
  1827 | D        | Killed an orc knight
  2042 | D        | Bought 2 potions of curing for 72 gold pieces
  2042 | D        | Bought a scroll of blinking for 90 gold pieces
  2044 | D        | Bought a brightly glowing morningstar for 234 gold pieces
  2044 | D        | Identified the +0 morningstar "Buad" {venom, *Corrode rF+
                  | Str+2 Stlth+} (You bought it in a shop in the Dungeon)
  2048 | D        | Bought a scroll of fear for 52 gold pieces
  2068 | D        | Noticed Sonja
  2087 | D        | Noticed Josephine
  2098 | D        | Killed Josephine
  2207 | D        | Found the +4 skin of Zhor {*Englaciate rC+++ SInv}
  2252 | D        | Gained mutation: You do not regenerate when monsters are
                  | visible. [potion of mutation]
  2252 | D        | Gained mutation: You passively map a small area around you.
                  | [potion of mutation]
  2252 | D        | Lost mutation: You passively map a small area around you.
                  | [potion of mutation]
  2253 | D        | Lost mutation: You do not regenerate when monsters are
                  | visible. [potion of mutation]
  2253 | D        | Gained mutation: You are vulnerable to heat. (rF-) [potion
                  | of mutation]
  2253 | D        | Gained mutation: Your flesh is cold resistant. (rC+)
                  | [potion of mutation]
  2254 | D        | Noticed a white ugly thing
  2266 | D        | Reached XP level 12. HP: 136/136 MP: 11/11
  2267 | D        | Noticed a spark wasp
  2268 | D        | Noticed an ettin
  2272 | D        | Noticed an ettin
  2273 | D        | Noticed a spark wasp
  2274 | D        | Killed an ettin
  2277 | D        | Noticed an ice dragon
  2280 | D        | Killed a spark wasp
  2283 | D        | Killed a spark wasp
  2286 | D        | Noticed a stone giant
  2290 | D        | Killed an ettin
  2293 | D        | Killed an ice dragon
  2437 | D        | Noticed Snorg
  2448 | D        | Noticed Kirke
  2463 | D        | Noticed Erolcha
  2472 | D        | Killed Erolcha
  2622 | D        | Noticed Donald
  2832 | D        | Noticed an eleionoma
  2832 | D        | Noticed a ghost crab
  2838 | D        | Noticed a tentacled monstrosity
  2841 | D        | Killed Kirke
  2843 | D        | Noticed a four-headed hydra
  2845 | D        | Killed a ghost crab
  2845 | D        | Killed a tentacled monstrosity
  2846 | D        | Reached skill level 15 in Dodging
  2850 | D        | Killed a four-headed hydra
  2906 | D        | Noticed a radroach
  2906 | D        | Noticed an entropy weaver
  2906 | D        | Noticed a broodmother
  2911 | D        | Killed a radroach
  2924 | D        | Killed an entropy weaver
  2934 | D        | Killed a broodmother
  2957 | D        | Noticed an emperor scorpion
  2967 | D        | Killed an emperor scorpion
  2968 | D        | Reached XP level 13. HP: 79/148 MP: 12/12
  3156 | D        | Your ally Snorg died
  3165 | D        | Killed Donald
  3190 | D        | Killed a stone giant
  3326 | D        | Noticed a merfolk impaler
  3475 | D        | Noticed a frost giant
  3475 | D        | Noticed a stone giant
  3475 | D        | Noticed a vampire knight
  3475 | D        | Noticed a cyan very ugly thing
  3476 | D        | Noticed a vampire knight
  3477 | D        | Noticed a quicksilver dragon
  3478 | D        | Noticed a frost giant
  3478 | D        | Killed a quicksilver dragon
  3482 | D        | Killed a cyan very ugly thing
  3482 | D        | Noticed a white very ugly thing
  3484 | D        | Killed a frost giant
  3485 | D        | Noticed a fire dragon
  3486 | D        | Noticed a stone giant
  3489 | D        | Killed a white very ugly thing
  3489 | D        | Noticed a stone giant
  3489 | D        | Killed a fire dragon
  3554 | D        | Noticed a sphinx
  3556 | D        | Noticed a vault warden
  3561 | D        | Noticed an ironbound preserver
  3561 | D        | Killed an ironbound preserver
  3561 | D        | Killed a vault warden
  3561 | D        | Killed a sphinx
  3561 | D        | Killed a stone giant
  3562 | D        | Noticed an orc warlord
  3563 | D        | Noticed a dire elephant
  3563 | D        | Killed a stone giant
  3564 | D        | Noticed a vault warden
  3571 | D        | Killed an orc warlord
  3575 | D        | Killed a dire elephant
  3578 | D        | Killed a vault warden
  3617 | D        | Killed a vampire knight
  3632 | D        | Killed a merfolk impaler
  3832 | D        | Noticed an emperor scorpion
  3840 | D        | Killed an emperor scorpion
  3961 | D        | Noticed Nikola
  4027 | D        | Killed a stone giant
  4035 | D        | Killed Nikola
  4067 | D        | Noticed an emperor scorpion
  4067 | D        | Noticed an emperor scorpion
  4067 | D        | Noticed an emperor scorpion
  4067 | D        | Noticed an emperor scorpion
  4070 | D        | Killed an emperor scorpion
  4072 | D        | Noticed an emperor scorpion
  4078 | D        | Noticed an emperor scorpion
  4083 | D        | Killed an emperor scorpion
  4092 | D        | Killed an emperor scorpion
  4097 | D        | Killed an emperor scorpion
  4105 | D        | Reached XP level 14. HP: 118/165 MP: 1/13
  4109 | D        | Killed a ghost moth
  4117 | D        | Killed an emperor scorpion
  4128 | D        | Killed an emperor scorpion
  4216 | D        | Noticed an emperor scorpion
  4228 | D        | Killed an emperor scorpion
  4234 | D        | Killed a ghost moth
  4236 | D        | Got a gossamer rune of Zot
  4240 | D        | Bought the amulet of Vitality {RegenMP++ Regen++} for 1700
                  | gold pieces
  4240 | D        | Found the amulet of Vitality {RegenMP++ Regen++}
  4334 | D        | Noticed Ilsuiw
  4348 | D        | Got a barnacled rune of Zot
  4370 | D        | Reached skill level 27 in Fighting
  4390 | D        | Killed Ilsuiw
  4407 | D        | Reached skill level 27 in Maces & Flails
  4517 | D        | Noticed a nagaraja
  4517 | D        | Noticed a nagaraja
  4517 | D        | Noticed a nagaraja
  4517 | D        | Noticed a nagaraja
  4518 | D        | Noticed a nagaraja
  4520 | D        | Noticed a nagaraja
  4521 | D        | Noticed a nagaraja
  4522 | D        | Noticed a nagaraja
  4523 | D        | Noticed a nagaraja
  4526 | D        | Got a serpentine rune of Zot
  4527 | D        | Killed a nagaraja
  4528 | D        | Killed a nagaraja
  4597 | D        | Got a decaying rune of Zot
  4676 | D        | Noticed Boris
  4684 | D        | Noticed a tengu reaver
  4687 | D        | Noticed Sojobo
  4691 | D        | Noticed a tengu reaver
  4696 | D        | Killed a nagaraja
  4698 | D        | Killed a tengu reaver
  4698 | D        | Killed a nagaraja
  4707 | D        | Killed a nagaraja
  4716 | D        | Killed Sojobo
  4724 | D        | Killed a tengu reaver
  4930 | D        | Reached XP level 15. HP: 130/174 MP: 14/14
  5022 | D        | Noticed a tengu reaver
  5022 | D        | Noticed a deep elf sorcerer
  5028 | D        | Noticed a frost giant
  5031 | D        | Killed a tengu reaver
  5042 | D        | Noticed a lich
  5050 | D        | Killed a deep elf sorcerer
  5054 | D        | Killed a lich
  5057 | D        | Killed a frost giant
  5083 | D        | Noticed a vault warden
  5087 | D        | Noticed a shadow dragon
  5096 | D        | Killed a vault warden
  5097 | D        | Noticed a tentacled monstrosity
  5107 | D        | Noticed a shadow dragon
  5110 | D        | Noticed a vault warden
  5120 | D        | Killed a tentacled monstrosity
  5126 | D        | Killed a shadow dragon
  5138 | D        | Reached skill level 27 in Armour
  5151 | D        | Killed a shadow dragon
  5157 | D        | Killed a vault warden
  5188 | D        | Lost mutation: You are vulnerable to heat. (rF-) [potion of
                  | mutation]
  5188 | D        | Lost mutation: Your flesh is cold resistant. (rC+) [potion
                  | of mutation]
  5188 | D        | Gained mutation: You are strong-willed. (Will+) [potion of
                  | mutation]
  5188 | D        | Gained mutation: You have supernaturally acute eyesight.
                  | (SInv) [potion of mutation]
  5208 | D        | Noticed a frost giant
  5208 | D        | Noticed a shadow dragon
  5208 | D        | Noticed a shadow dragon
  5208 | D        | Noticed a shadow dragon
  5210 | D        | Noticed a shadow dragon
  5212 | D        | Killed a frost giant
  5218 | D        | Killed a shadow dragon
  5219 | D        | Noticed an ancient lich
  5225 | D        | Killed a shadow dragon
  5230 | D        | Killed a shadow dragon
  5231 | D        | Identified the +2 robe of Immorality {rElec rPois rC+
                  | Int+3}
  5237 | D        | Killed a shadow dragon
  5243 | D        | Got a silver rune of Zot
  5245 | D        | Got the Compilation of Fateful Injury
  5517 | D        | Got the ring "Jyosmath" {rPois rC+ rN++ SInv}
  5519 | D        | Got the amulet of Awoeck {Faith Fly rElec}
  5521 | D        | Got the ring "Eluatuck" {rPois rF+}
  5523 | D        | Got the amulet "Gur Put" {RegenMP -Tele +Inv Regen+ SInv}
  5525 | D        | Got the amulet "Qehywk" {Rampage rC+ Will- Regen+}
  5564 | D        | Got the +3 storm dragon scales of Usat {rElec Will++ Str+2}
  5630 | D        | Noticed Louise
  5664 | D        | Noticed Jory
  5696 | D        | Noticed a fire giant
  5732 | D        | Bought the +18 shield of the Gong {Loud rN+ Will+ rCorr
                  | EV-5} for 2685 gold pieces
  5732 | D        | Found the +18 shield of the Gong {Loud rN+ Will+ rCorr
                  | EV-5}
  5739 | D        | Noticed a bone dragon
  5739 | D        | Noticed a storm dragon
  5739 | D        | Noticed a bone dragon
  5750 | D        | Killed a bone dragon
  5751 | D        | Reached skill level 27 in Dodging
  5751 | D        | Reached skill level 1 in Evocations
  5754 | D        | Killed a bone dragon
  5755 | D        | Reached skill level 5 in Stealth
  5758 | D        | Reached skill level 1 in Throwing
  5760 | D        | Killed a storm dragon
  5917 | D        | Noticed a tentacled monstrosity
  5917 | D        | Noticed a black draconian knight
  5938 | D        | Noticed a green draconian monk
  5938 | D        | Noticed a storm dragon
  5942 | D        | Killed a green draconian monk
  5943 | D        | Killed a fire giant
  5944 | D        | Killed a storm dragon
  5960 | D        | Your ally Jory died
  5962 | D        | Killed a tentacled monstrosity
  5964 | D        | Killed a black draconian knight
  6023 | D        | Noticed a curse toe
  6025 | D        | Noticed a storm dragon
  6026 | D        | Noticed a storm dragon
  6031 | D        | Killed a storm dragon
  6032 | D        | Reached skill level 5 in Throwing
  6032 | D        | Noticed a death cob
  6058 | D        | Killed a curse toe
  6065 | D        | Killed a storm dragon
  6073 | D        | Killed a death cob
  6152 | D        | Noticed a quicksilver dragon
  6152 | D        | Noticed a death cob
  6152 | D        | Noticed a quicksilver dragon
  6158 | D        | Noticed a golden dragon
  6164 | D        | Reached XP level 16. HP: 180/183 MP: 5/15
  6165 | D        | Noticed a death cob
  6172 | D        | Killed a quicksilver dragon
  6173 | D        | Reached skill level 10 in Stealth
  6179 | D        | Killed a death cob
  6180 | D        | Reached skill level 10 in Throwing
  6180 | D        | Reached skill level 5 in Evocations
  6185 | D        | Killed a quicksilver dragon
  6200 | D        | Killed a golden dragon
  6211 | D        | Killed a death cob
  6323 | D        | Noticed an Orb Guardian
  6323 | D        | Noticed an Orb Guardian
  6323 | D        | Noticed an Orb Guardian
  6323 | D        | Noticed an Orb Guardian
  6323 | D        | Noticed an Orb Guardian
  6323 | D        | Noticed an Orb Guardian
  6323 | D        | Killed an Orb Guardian
  6324 | D        | Noticed an Orb Guardian
  6324 | D        | Killed an Orb Guardian
  6325 | D        | Noticed an Orb Guardian
  6326 | D        | Noticed an Orb Guardian
  6327 | D        | Killed an Orb Guardian
  6337 | D        | Noticed a golden dragon
  6337 | D        | Noticed an Orb Guardian
  6337 | D        | Noticed an Orb Guardian
  6337 | D        | Noticed a storm dragon
  6338 | D        | Noticed an Orb Guardian
  6340 | D        | Killed a storm dragon
  6340 | D        | Noticed an Orb Guardian
  6341 | D        | Killed a golden dragon
  6344 | D        | Killed an Orb Guardian
  6383 | D        | Noticed an ancient lich
  6384 | D        | Killed an Orb Guardian
  6389 | D        | Killed an Orb Guardian
  6392 | D        | Killed an Orb Guardian
  6392 | D        | Killed an Orb Guardian
  6398 | D        | Noticed an orb of fire
  6402 | D        | Gained mutation: Armour fits poorly on your strangely
                  | shaped body. [an orb of fire]
  6406 | D        | Killed an orb of fire
  6431 | D        | Noticed an electric golem
  6436 | D        | Killed an electric golem
  6437 | D        | Reached skill level 15 in Stealth
  6442 | D        | Noticed a curse toe
  6442 | D        | Noticed a golden dragon
  6442 | D        | Noticed a storm dragon
  6442 | D        | Noticed an orb of fire
  6448 | D        | Reached skill level 15 in Throwing
  6449 | D        | Noticed an ancient lich
  6450 | D        | Killed a golden dragon
  6458 | D        | Killed an ancient lich
  6459 | D        | Killed a storm dragon
  6459 | D        | Noticed an orb of fire
  6460 | D        | Noticed an ancient lich
  6462 | D        | Noticed an ancient lich
  6464 | D        | Noticed an orb of fire
  6473 | D        | Killed an Orb Guardian
  6475 | D        | Killed an orb of fire
  6517 | D        | Gained mutation: You are vulnerable to cold. (rC-) [an orb
                  | of fire]
  6533 | D        | Killed an orb of fire
  6583 | D        | Killed an ancient lich
  6628 | D        | Killed an ancient lich
  6668 | D        | Killed an orb of fire
  6901 | D        | Noticed an Orb Guardian
  6901 | D        | Noticed an Orb Guardian
  6901 | D        | Noticed an Orb Guardian
  6901 | D        | Noticed an Orb Guardian
  6901 | D        | Noticed an Orb Guardian
  6901 | D        | Noticed an Orb Guardian
  6903 | D        | Killed an Orb Guardian
  6904 | D        | Noticed an Orb Guardian
  6906 | D        | Noticed an Orb Guardian
  6907 | D        | Noticed an Orb Guardian
  6908 | D        | Noticed an Orb Guardian
  6909 | D        | Noticed an Orb Guardian
  6909 | D        | Killed an Orb Guardian
  6910 | D        | Noticed an Orb Guardian
  7027 | D        | Noticed a lich
  7027 | D        | Noticed an ancient lich
  7034 | D        | Noticed a lich
  7038 | D        | Killed an ancient lich
  7039 | D        | Killed an Orb Guardian
  7039 | D        | Killed an Orb Guardian
  7040 | D        | Killed an Orb Guardian
  7044 | D        | Killed an Orb Guardian
  7045 | D        | Killed a lich
  7054 | D        | Killed an Orb Guardian
  7056 | D        | Killed an Orb Guardian
  7284 | D        | Noticed a deep elf master archer
  7284 | D        | Noticed a deep elf blademaster
  7284 | D        | Noticed a deep elf master archer
  7285 | D        | Noticed a deep elf blademaster
  7286 | D        | Noticed a deep elf blademaster
  7287 | D        | Killed a deep elf blademaster
  7288 | D        | Noticed a deep elf master archer
  7299 | D        | Killed a deep elf blademaster
  7300 | D        | Noticed a deep elf blademaster
  7314 | D        | Killed a deep elf blademaster
  7316 | D        | Killed a deep elf blademaster
  7318 | D        | Killed a deep elf master archer
  7325 | D        | Noticed a deep elf blademaster
  7331 | D        | Killed a deep elf master archer
  7336 | D        | Killed a deep elf master archer
  7341 | D        | Killed a deep elf blademaster
  7342 | D        | Noticed an Ice Fiend
  7347 | D        | HP: 7/183 [???[a deep elf demonologist] (4)]
  7541 | D        | Got an elven rune of Zot
  7554 | D        | Noticed an acid blob
  7554 | D        | Noticed an acid blob
  7554 | D        | Noticed an acid blob
  7565 | D        | Killed an acid blob
  7566 | D        | Reached XP level 17. HP: 131/191 MP: 16/16
  7628 | D        | HP: 9/191 [Orb Guardian (5)]
  7632 | D        | Demolished by an acid blob

Illustrated notes

Levels and vault maps discovered:
D:        linesprint [early_d, line_temple, items_1, d_10, items_2, lair_1,
          lair_end, items_3, orc_1, orc_end, items_4, d_15, swamp_1, shoals_1,
          snake_1, spider_1, d_20, vaults_1, items_5, swamp_end, shoals_end,
          snake_end, spider_end, vaults_end, d_27, items_6, zot_1, zot_end,
          crypt_end, forest_end, elf_end, slime_end, tomb_end, abyss_end,
          pan_hell_end]

Skill      XL: |  1  2  3  4  5  6  7  8  9 10 11 12 13 14 15 16 17 |
---------------+----------------------------------------------------+-----
Fighting       | 5 7 8 9 11 13 14 16 18 21 23 26 27 | 27.0
Maces & Flails | 4 6 8 9 10 13 14 16 18 20 23 26 27 | 27.0
Armour         | 4 5 6 7 8 10 12 13 15 17 19 24 27 | 27.0
Dodging        | 2 3 4 5 6 8 9 10 12 13 15 17 22 27 | 27.0
Stealth        | 9 19 20 | 20.1
Evocations     | 4 9 |  9.5
Throwing       | 9 18 | 18.7
Shields        | |  3.6

Action                     |  1- 3 |  4- 6 |  7- 9 | 10-12 | 13-15 | 16-18 || total
---------------------------+-------+-------+-------+-------+-------+-------++-------
  Melee: Flail             |    25 |    17 |       |       |       |       ||    42
         Headbutt          |     3 |     5 |    21 |    93 |   154 |    46 ||   322
         Morningstar       |       |     7 |    74 |   317 |    23 |       ||   421
         Great mace        |       |       |       |       |   575 |   226 ||   801
  Throw: Javelin           |       |       |       |       |     1 |       ||     1
 Invoke: Call Merchant     |       |       |       |     2 |     6 |       ||     8
         Bribe Branch      |       |       |       |     1 |     2 |     3 ||     6
         Potion Petition   |       |       |       |       |     3 |     1 ||     4
  Evoke: Wand              |       |       |       |       |     7 |     1 ||     8
    Use: Potion            |       |       |       |     4 |     3 |     8 ||    15
         Scroll            |       |       |       |       |    17 |       ||    17
   Stab: Distracted        |       |       |     3 |    10 |    17 |     6 ||    36
 Armour: Scale mail        |     6 |     6 |       |    32 |    10 |       ||    54
         Chain mail        |       |     2 |    31 |    51 |       |       ||    84
         Gold dragon scale |       |       |       |       |   313 |   110 ||   423
  Dodge: Dodged            |    10 |     4 |    27 |   126 |   343 |   129 ||   639
  Block: Buckler           |     9 |     5 |    12 |    28 |     4 |       ||    58

Table legend: (Time is in decaauts)
 A = Elapsed time spent in this place.
 B = Non-inter-level travel time spent in this place.
 C = Inter-level travel time spent in this place.
 D = Time resting spent in this place.
 E = Time spent auto-exploring this place.
 F = Levels seen in this place.
 G = Mean time per level.
                   A        B        C        D        E       F      G
               +--------+--------+--------+--------+--------+-----+--------+
         Total |   7304 |   7302 |      2 |   2572 |   1624 |   1 | 7304.0 |
       Dungeon |   7304 |   7302 |      2 |   2572 |   1624 |   1 | 7304.0 |
               +--------+--------+--------+--------+--------+-----+--------+

Top non-repeatable levels by time:
       D: 7304 daAuts
